[Event "*** Titled Tuesday 3|2 Blitz (Early)"]
[Site "Chess.com"]
[Date "2016.11.01"]
[Round "4"]
[White "psv98"]
[Black "Danirod"]
[Result "1-0"]
[WhiteElo "2620"]
[BlackElo "2479"]
[TimeControl "180+2"]
[EndTime "11:51:31 PDT"]
[Termination "psv98 won by resignation"]

1. Nf3 d5 2. g3 c5 3. Bg2 Nf6 4. O-O Nc6 5. d4 cxd4 6. Nxd4 e6 7. c4 Nxd4 8. Qxd4 dxc4 9. Qxd8+ Kxd8 10. Rd1+ Nd7 11. Nd2 c3 12. bxc3 Kc7 13. Nc4 f6 14.
Be3 Nc5 15. Rab1 e5 16. Rb5 Ne6 17. Rdb1 Nd8 18. a4 Be6 19. Na5 Bc8 20. Nxb7 Bxb7 21. Bxb7 Rb8 22. Bd5 Rxb5 23. axb5 Nb7 24. Ra1 Bc5 25.
Bxc5 Nxc5 26. Rxa7+ Kb6 27. Rxg7 Kxb5 28. h4 Na4 29. c4+ Kc5 30. Kg2 Nc3 31. e4 Nd1 32. Bg8 h6 33. h5 Nc3 34. Kf3 Nb1 35. Kg4 Nd2 36. Kf5 Kd4 37. Bd5 Nxc4 38. Bxc4 Kxc4 39. Kxf6 Kd4 40. f3 Ke3 41. Kxe5 Kxf3 42. Kf6 Kxe4 43. Kg6 Kf3 44. Rh7 Rg8+ 45. Kxh6 Rxg3 46. Rf7+ Ke4 47.
Rg7 Ra3 48. Kg6 Ra6+ 49. Kh7 Kf5 50. h6 Ra1 51. Rf7+ Ke6 52. Kg8 Ra8+ 53. Kg7 Ra1 54.
h7 Rg1+ 55. Kf8 Rh1 56. Kg8 Rg1+ 57. Rg7 Rb1 58. Rg6+ Kf5 59. Rf6+ Kg5 60. Rf8 Rh1 61. h8=Q Rxh8+ 62. Kxh8 1-0

[Event "*** Titled Tuesday 3|2 Blitz (Early)"]
[Site "Chess.com"]
[Date "2016.11.01"]
[Round "4"]
[White "Izoria123"]
[Black "Frolyanov_D"]
[Result "1/2-1/2"]
[WhiteElo "2569"]
[BlackElo "2452"]
[TimeControl "180+2"]
[EndTime "11:51:33 PDT"]
[Termination "Game drawn by repetition"]

1. Nf3 d5 2. g3 c6 3. Bg2 Bg4 4.
O-O Nd7 5. h3 Bh5 6. d3 e5 7. e4 dxe4 8. dxe4 Ngf6 9. Qe2 Be7 10. Rd1 Qc7 11. Nbd2 O-O 12. g4 Bg6 13. Nh4 Rfe8 14.
Nf1 Nc5 15. Nf5 Bf8 16. N1g3 Ne6 17. g5 Nd7 18. h4 Nf4 19. Qg4 Nxg2 20. Rxd7 Qxd7 21.
Nh6+ gxh6 22. Qxd7 Rad8 23. Qg4 h5 24. Nxh5 Bxh5 25.
Qxh5 Nf4 26. Bxf4 exf4 27. Rd1 Rxd1+ 28. Qxd1 Rxe4 29. Qd7 f3 30. Qxb7 Rg4+ 31. Kh2 Rg2+ 32. Kh3 Rxf2 33. Qxc6 Rf1 34. Qa8 Rb1 35. Qxf3 Rxb2 36.
c4 Rxa2 37. Qd5 a5 38. c5 Rc2 39. c6 a4 40. Qd7 a3 41. c7 a2 42. Qa4 Rc3+ 43. Kg4 Rxc7 44. Qxa2 Rc6 45. Qd5 Re6 46. h5 Ra6 47. Qd8 Re6 48. Kf5 Rd6 49. Qc8 Rb6 50.
h6 Rg6 51. Qa8 Re6 52. Qb8 Rg6 53. Qa8 Re6 54. Qb8 Rg6 55. Qa8 Re6 56. Qb8 Rg6 57. Qa8 Re6 58. Qb8 Rg6 1/2-1/2

[Event "*** Titled Tuesday 3|2 Blitz (Early)"]
[Site "Chess.com"]
[Date "2016.11.01"]
[Round "4"]
[White "dhanushbharadwaj"]
[Black "ftorodent"]
[Result "0-1"]
[WhiteElo "2297"]
[BlackElo "2505"]
[TimeControl "180+2"]
[EndTime "11:51:45 PDT"]
[Termination "ftorodent won by resignation"]

1. Nf3 d5 2. c4 e6 3. b3 Nf6 4. g3 Be7 5. Bg2 O-O 6. O-O b6 7.
Bb2 Bb7 8. d3 Nbd7 9. e3 c5 10.
Qe2 Qc7 11. Ne1 e5 12. cxd5 Bxd5 13. Nc3 Bxg2 14. Nxg2 Rad8 15. Rad1 Rfe8 16. Nh4 Bf8 17. Nf3 Qb7 18. Ng5 h6 19. Nge4 Nxe4 20. dxe4 Nf6 21. Qc4 Nh7 22. h4 Nf6 23. a4 Qc8 24. Kg2 Rxd1 25.
Rxd1 Rd8 26. Rxd8 Qxd8 27. Nd5 Nd7 28. f4 Qb8 29. Qb5 Qd6 30. Bc3 h5 31. Bb2 Qe6 32.
f5 Qd6 33. Qa6 Nf6 34. Qc4 Ng4 35. Qe2 Be7 36. Bc3 Bf6 37. Bb2 Qd8 38. Qe1 a6 39.
Ba3 b5 40. axb5 axb5 41. Bxc5 Qa8 42. Qd2 Qa1 43. Be7 Qb1 44. Bxf6 Qxe4+ 45. Kg1 gxf6 46. Nc3 Qf3 47. Nxb5 Qxg3+ 48. Kf1 Qxh4 49. Nd6 Qh1+ 50. Ke2 h4 51. Qe1 Qg2+ 52. Kd1 h3 53. Ne4 Qxe4 54. Qg3 Qg2 0-1

[Event "*** Titled Tuesday 3|2 Blitz (Early)"]
[Site "Chess.com"]
[Date "2016.11.01"]
[Round "4"]
[White "Grebeniuk-S"]
[Black "Peroncio"]
[Result "1-0"]
[WhiteElo "2413"]
[BlackElo "2512"]
[TimeControl "180+2"]
[EndTime "11:51:58 PDT"]
[Termination "Grebeniuk-S won by checkmate"]

1. d4 Nf6 2. Nf3 c5 3. d5 g6 4. Nc3 Bg7 5. e4 O-O 6. h3 d6 7. Bd3 b5 8. Nxb5 Na6 9. O-O Nb4 10. Nc3 Nxd3 11. cxd3 Ba6 12. Re1 Qa5 13. d4 cxd4 14. Nxd4 Bb7 15. Nb3 Qa6 16. Be3 Rfc8 17. Bd4 Rc4 18.
Qd2 Rac8 19. Rad1 h5 20. e5 dxe5 21. Bxe5 Rd8 22. Qe3 Nxd5 23. Nxd5 Rxd5 24. Rxd5 Bxd5 25. Bxg7 Kxg7 26. Qe5+ Qf6 27. Qxd5 Rc2 28. Qd4 Rxb2 29. Qxf6+ Kxf6 30. Ra1 e5 31. Nc5 Rc2 32. Nd3 Ke6 33. a4 Rc3 34. Ne1 f5 35. Kf1 e4 36. Ke2 f4 37.
Ra2 g5 38. Nc2 Ke5 39. a5 g4 40. hxg4 hxg4 41. a6 Rc5 42. g3 Kf5 43. gxf4 Kxf4 44. Ne3 Rb5 45. Ng2+ Kf5 46. Ne3+ Kf4 47. Nf1 Rb6 48.
Ng3 Rb4 49. Nf1 Rb6 50. Nd2 Rb4 51. Nf1 Rb3 52. Ne3 Rb5 53. Nc4 Rb4 54. Nd6 Rb6 55.
Nc8 Rb3 56. Nxa7 g3 57. fxg3+ Rxg3 58. Kf1 e3 59. Nc6 Rg6 60. a7 Rxc6 61. a8=Q Rc1+ 62. Ke2 Rg1 63. Ra4+ Kg3 64. Qg8+ Kh2 65. Rh4# 1-0

[Event "*** Titled Tuesday 3|2 Blitz (Early)"]
[Site "Chess.com"]
[Date "2016.11.01"]
[Round "4"]
[White "Jungle_Jaguar"]
[Black "Anton_Demchenko"]
[Result "0-1"]
[WhiteElo "2315"]
[BlackElo "2622"]
[TimeControl "180+2"]
[EndTime "11:52:10 PDT"]
[Termination "Anton_Demchenko won by checkmate"]

1. c4 Nf6 2. Nc3 g6 3. e4 d6 4. d4 Bg7 5. Be2 O-O 6. Nf3 Nbd7 7. O-O e5 8. dxe5 dxe5 9. Bg5 h6 10. Bh4 c6 11.
Qd6 Re8 12. Rfd1 Qe7 13. Rac1 Bf8 14. Qxe7 Bxe7 15. b3 Ba3 16. Rc2 Nh5 17. Na4 Nf8 18. Rcd2 Nf4 19. Bf1 Bg4 20. Bg3 Bxf3 21. gxf3 Bb4 22.
Bxf4 exf4 23. Rd3 Re5 24. Bh3 Rae8 25. Rd8 Kg7 26. Nb2 Ba5 27. Rxe8 Rxe8 28. Kf1 h5 29. Ke2 Bc7 30. Nd3 Nh7 31. Nc5 Ng5 32. Bd7 Rb8 33. h4 Nh7 34. Bh3 Nf8 35. Nd7 Rd8 36. Nxf8 Rxd1 37.
Kxd1 Kxf8 38. c5 Bd8 39. Bc8 b6 40. b4 bxc5 41. bxc5 Bxh4 42. Bd7 Bxf2 43. Bxc6 Bxc5 44. Ke2 Ke7 45. a4 g5 46. Bb7 g4 47. fxg4 hxg4 48. Bc8 f3+ 49. Kf1 g3 50. Bh3 Kd6 51. Bg4 g2+ 52. Ke1 g1=Q+ 53. Kd2 Qxg4 54. e5+ Kxe5 55. a5 Qb4+ 56. Kd3 Qxa5 57. Kc2 f2 58. Kd3 f1=Q+ 59. Kc2 f5 60. Kb3 f4 61. Kc2 f3 62. Kb3 f2 63. Kb2 Qd8 64. Kb3 a5 65. Ka4 Qa6 66. Kb3 f1=Q 67. Ka4 Qaa8 68. Kb3 a4+ 69. Ka2 a3 70. Kb3 a2 71. Kc2 a1=Q 72. Kb3 Qdd4 73. Kc2 Q8a5 74. Kb3 Qfb1# 0-1

[Event "*** Titled Tuesday 3|2 Blitz (Early)"]
[Site "Chess.com"]
[Date "2016.11.01"]
[Round "4"]
[White "GeorgMeier"]
[Black "gmsakk"]
[Result "1-0"]
[WhiteElo "2711"]
[BlackElo "2532"]
[TimeControl "180+2"]
[EndTime "11:52:11 PDT"]
[Termination "GeorgMeier won by resignation"]

1. Nf3 d5 2. g3 c6 3. Bg2 Bg4 4.
O-O Nd7 5. d4 e6 6. Nbd2 Ngf6 7.
Re1 Be7 8. e4 dxe4 9. Nxe4 Nxe4 10. Rxe4 Bf5 11. Re1 O-O 12. c3 h6 13. Qb3 Nb6 14. Ne5 Bd6 15. c4 Bxe5 16. dxe5 Qd3 17. Qxd3 Bxd3 18. b3 Rfd8 19. Be3 Bf5 20. f4 Kf8 21.
Bc5+ Ke8 22. Bd6 Nc8 23. c5 Ne7 24. Rac1 Nd5 25. a3 a5 26. Bf3 a4 27. b4 Rd7 28.
h4 Nc7 29. h5 Nb5 30. Re3 Nd4 31. Bd1 Nb3 32. Rcc3 Nd4 33. g4 Bb1 34. Kf2 Ba2 35. Re4 Nb5 36. Rg3 Bd5 37. Re1 f6 38. f5 Nxd6 39.
fxe6 Ne4+ 40. Rxe4 Bxe4 41. exd7+ Kxd7 42. exf6 gxf6 43. Re3 Bd5 44. Kg3 Be6 45. Kf4 Ke7 46. Bc2 Kd7 47. Bf5 Re8 48. Rd3+ Kc7 49. Rd6 Bxf5 50. gxf5 Rf8 51.
Rd1 Rg8 52. Rd6 Rf8 53. Kf3 Rf7 54. Kg4 Rg7+ 55. Kf4 Rf7 56. Re6 Kd7 57. Kf3 Rf8 58. Ke4 Re8 59. Rxe8 Kxe8 60. Kd4 Kd7 61. Kc4 Kc7 62.
b5 b6 63. Kb4 bxc5+ 64. Kxc5 cxb5 65. Kxb5 Kd6 66. Kxa4 Ke5 67. Kb5 Kxf5 68. a4 Kg4 69. a5 f5 70. a6 f4 71. a7 f3 72. a8=Q 1-0

[Event "*** Titled Tuesday 3|2 Blitz (Early)"]
[Site "Chess.com"]
[Date "2016.11.01"]
[Round "4"]
[White "E-Shaposhnikov"]
[Black "LawrenceTrent"]
[Result "1/2-1/2"]
[WhiteElo "2706"]
[BlackElo "2540"]
[TimeControl "180+2"]
[EndTime "11:52:16 PDT"]
[Termination "Game drawn - insufficient material"]

1. Nf3 Nf6 2. c4 g6 3. Nc3 Bg7 4. e4 d6 5. d4 O-O 6. Be2 e5 7.
O-O Nbd7 8. Re1 Re8 9. d5 a5 10. Bg5 h6 11. Bh4 Nc5 12. Nd2 Bd7 13. Qc2 g5 14. Bg3 h5 15. h4 Nh7 16. hxg5 Qxg5 17.
b3 Nf6 18. a3 Na6 19. Rab1 h4 20.
Nf3 Qh6 21. Bxh4 Nh5 22. g3 Qg6 23. b4 f5 24. exf5 Bxf5 25. Qb2 e4 26. Ng5 Bf6 27. Bxh5 Qxh5 28. Qe2 Qxe2 29. Nxe2 axb4 30. axb4 e3 31. Rb3 exf2+ 32. Kxf2 Rf8 33. Nf4 Be5 34. Nf3 Bc2 35. Nxe5 Bxb3 36. Ng4 Nxb4 37. Re7 Nd3+ 38. Ke3 Nxf4 39.
gxf4 Rae8 40. Nf6+ Rxf6 41. Rxe8+ Rf8 42. Re4 b5 43. cxb5 Bxd5 44. Rd4 Rf5 45. Bd8 c5 46. bxc6 Bxc6 47. Rxd6 Be8 48. Bf6 Kf7 49. Be5 Rh5 50. Ke4 Ke7 51. Rb6 Bd7 52. Bf6+ Kf7 53. Bg5 Rh8 54.
Rf6+ Ke8 55. Rb6 Kf7 56. f5 Rh5 57. Kf4 Rh1 58. Rf6+ Ke8 59. Ke5 Re1+ 60. Kd4 Rd1+ 61. Ke4 Re1+ 62. Be3 Ke7 63. Rh6 Bxf5+ 64. Kxf5 Rxe3 65.
Rh4 Ke8 66. Re4+ Rxe4 67. Kxe4 1/2-1/2

[Event "*** Titled Tuesday 3|2 Blitz (Early)"]
[Site "Chess.com"]
[Date "2016.11.01"]
[Round "4"]
[White "viditchess"]
[Black "Dlugy"]
[Result "1/2-1/2"]
[WhiteElo "2539"]
[BlackElo "2588"]
[TimeControl "180+2"]
[EndTime "11:52:23 PDT"]
[Termination "Game drawn - insufficient material"]

1. d4 d5 2. c4 dxc4 3. Nf3 a6 4.
e3 e6 5. Bxc4 c5 6. O-O Nf6 7.
b3 b5 8. Be2 Bb7 9. Bb2 Nbd7 10. a4 b4 11. Nbd2 Be7 12. Nc4 a5 13. Rc1 O-O 14.
Nfe5 cxd4 15. Bxd4 Nc5 16. Bf3 Bxf3 17. gxf3 Rc8 18.
Bxc5 Rxc5 19. Qxd8 Rxd8 20. Rcd1 Kf8 21. Rxd8+ Bxd8 22.
Rd1 Bc7 23. Nd7+ Nxd7 24. Rxd7 Ke8 25. Rd2 Rh5 26. f4 g5 27. fxg5 Rxg5+ 28. Kf1 Ke7 29. f4 Rh5 30. Kg2 Rd5 31. Kf3 Rc5 32. e4 f6 33. Rg2 Kf7 34. e5 Rd5 35. exf6 Kxf6 36. Rd2 Rf5 37. Rd4 e5 38. Rd5 Rxf4+ 39. Ke3 Rh4 40. Rd7 Rh3+ 41. Ke4 Rh4+ 42. Ke3 Rh3+ 43. Ke2 Rxh2+ 44. Kf1 Rh3 45. Rxc7 Rxb3 46. Ra7 h5 47. Rxa5 Rb1+ 48. Ke2 b3 49. Nd2 Rb2 50. Rb5 Ra2 51. Rxb3 Rxa4 52. Rh3 Kg5 53. Nf3+ Kh6 54. Rh1 e4 55.
Nd2 Kg5 56. Ke3 Kg4 57. Nxe4 h4 58. Nf2+ Kh5 59. Kf3 Ra3+ 60. Kg2 Rg3+ 61. Kh2 Rf3 62. Nh3 Kg4 63. Rg1+ Rg3 64. Nf2+ Kf3 65.
Nh3 Rxg1 66. Nxg1+ Kf2 67. Kh3 Kxg1 68. Kxh4 1/2-1/2

[Event "*** Titled Tuesday 3|2 Blitz (Early)"]
[Site "Chess.com"]
[Date "2016.11.01"]
[Round "4"]
[White "RitvarsReimanis"]
[Black "Haridaskesavan"]
[Result "0-1"]
[WhiteElo "2390"]
[BlackElo "2131"]
[TimeControl "180+2"]
[EndTime "11:52:26 PDT"]
[Termination "Haridaskesavan won by checkmate"]

1. d4 Nf6 2. c4 d6 3. f3 Nbd7 4. e4 e5 5. d5 Be7 6. Ne2 O-O 7.
Nec3 Re8 8. Be2 Bf8 9. O-O g6 10.
Be3 Bg7 11. Qd2 a6 12. a4 a5 13. Na3 b6 14. Nab5 Nc5 15. Ra3 Bd7 16. g4 Bxb5 17.
Nxb5 Nfd7 18. Kh1 Rf8 19. Rg1 Kh8 20. Bg5 f6 21. Be3 Rf7 22. Rg2 Nb8 23. Bxc5 bxc5 24.
f4 exf4 25. Qxf4 Nd7 26. h4 Ne5 27. h5 Qf8 28. Rh3 Bh6 29. Qf1 gxh5 30. Rxh5 Bg5 31.
Rgh2 Kg8 32. Qf5 Ng6 33. e5 fxe5 34. Qe6 Re8 35. Qxg6+ hxg6 36. Rh8+ Kg7 37. Rxf8 Rexf8 38. Bd3 Rh8 39. Rxh8 Kxh8 40. Bxg6 Rf4 41. b3 Rxg4 42. Nxc7 Rg3 43. Nb5 Be7 44. Bc2 Re3 45.
Kg1 Re2 46. Na3 Bh4 47. Kf1 Rf2+ 48. Kg1 Kg7 49. Be4 Rb2 50. Nb5 Be7 51. Kf1 Rxb3 52. Ke2 Rb4 53. Kd3 Rxa4 54. Kc3 Ra1 55. Bc2 Kf6 56. Nc7 a4 57. Kb2 Rh1 58. Bxa4 e4 59.
Kc3 Ke5 60. Nb5 Rh3+ 61. Kd2 Bg5+ 62. Ke1 Rh2 63. Na7 e3 64. Nc6+ Ke4 65. Bd1 Kd3 66. Bf3 Rf2 67. Bh5 Bh4 68. Kd1 Rf1# 0-1

[Event "*** Titled Tuesday 3|2 Blitz (Early)"]
[Site "Chess.com"]
[Date "2016.11.01"]
[Round "4"]
[White "SavelijTartakover"]
[Black "GM_dmitrij"]
[Result "1-0"]
[WhiteElo "2463"]
[BlackElo "2420"]
[TimeControl "180+2"]
[EndTime "11:52:29 PDT"]
[Termination "SavelijTartakover won by resignation"]

1. Nf3 d5 2. d4 Nf6 3. c4 c6 4. Nc3 e6 5. Bg5 dxc4 6. a4 Bb4 7. e3 Qa5 8. Bxf6 gxf6 9. Qc1 Nd7 10. Bxc4 Nb6 11.
Bd3 Nd5 12. O-O Bxc3 13. bxc3 Qxc3 14. Qb1 Qb4 15. Qd1 Qe7 16. a5 e5 17. dxe5 fxe5 18. Nd2 f5 19. a6 b6 20. Qc2 Nb4 21. Qc3 Bd7 22. Nc4 Nxd3 23. Qxd3 O-O 24. Rfd1 Rad8 25. Qc3 e4 26. Ne5 c5 27. g3 Be6 28. Nc6 Rxd1+ 29. Rxd1 Qc7 30. Ne5 Rd8 31. Rxd8+ Qxd8 32. Kg2 Qf6 33. Qb2 Kg7 34. h4 Bc8 35. Qa1 b5 36. Qc3 Qd6 37. Nd7+ Kf7 38. Nxc5 Bxa6 39. Qb3+ Kf6 40.
Qb2+ Kg6 41. Qa3 Bc8 42. Qxa7 b4 43. h5+ Kh6 44. Nb3 Be6 45. Nd4 Bd7 46. Qb7 Kxh5 47. Qa8 Kg6 48. Qg8+ Kh6 49. Kh2 Qf6 50. Qc4 Qe7 51. Qg8 Qd6 52. Kg2 Qe7 53. Qc4 Kg7 54. Nc2 Be6 55. Qd4+ Qf6 56. Qxb4 h5 57. Nd4 Bf7 58.
Qb7 h4 59. gxh4 Qg6+ 60. Kf1 Qg4 61. Qe7 Qd1+ 62. Kg2 Qg4+ 63. Kh2 Kg6 64. Nc6 Kh6 65. Ne5 Qh5 66. Nxf7+ Kg7 67. Ne5+ Kg8 68. Qg5+ 1-0

[Event "*** Titled Tuesday 3|2 Blitz (Early)"]
[Site "Chess.com"]
[Date "2016.11.01"]
[Round "4"]
[White "fastestmindalive"]
[Black "Drags95"]
[Result "0-1"]
[WhiteElo "2509"]
[BlackElo "2449"]
[TimeControl "180+2"]
[EndTime "11:52:35 PDT"]
[Termination "Drags95 won on time"]

1. e4 c5 2. Nc3 Nc6 3. Bb5 g6 4. Bxc6 bxc6 5. f4 Bg7 6. Nf3 Nh6 7. O-O O-O 8. d3 d6 9. Qe1 f5 10. e5 Qc7 11. h3 a5 12. Qh4 Nf7 13. Re1 dxe5 14.
fxe5 Nxe5 15. Nxe5 Bxe5 16. Bh6 Rf7 17. Qc4 Qd6 18.
Be3 Bd4 19. Bxd4 cxd4 20. Na4 Ba6 21. Qc5 Bb5 22. b3 Bxa4 23. Qxd6 exd6 24. bxa4 Rb8 25.
Rab1 Rfb7 26. Rb3 Kf7 27. Kf2 Rb4 28. Reb1 c5 29. Re1 R8b7 30. Reb1 g5 31. Kf3 h5 32.
h4 gxh4 33. Kf4 Kf6 34. Rh1 Rg7 35. Kf3 Rg4 36. a3 Rxb3 37. cxb3 Rg3+ 38. Kf4 Rg4+ 39.
Kf3 Kg5 40. Kf2 Rg3 41. Rd1 Re3 42. b4 cxb4 43. axb4 axb4 44. a5 Re5 45. Ra1 b3 46. a6 b2 47. Rb1 Ra5 48. Rxb2 Rxa6 49. Rb4 Ra2+ 50. Kf3 Ra5 51. Rxd4 d5 52. Rb4 Ra3 53. Rd4 Ra5 54. Rb4 Rc5 55. Ra4 Rb5 56. Ke3 Rb3 57. Rd4 Rb5 58. Ra4 Rc5 59. Kf3 Rc1 60. Rd4 Rf1+ 61.
Ke2 Rf4 62. Rxd5 Kg4 63. Rd8 Kg3 64. Rg8+ Rg4 65. Rf8 Kxg2 66. Rxf5 h3 67. Rf2+ Kg3 68. Rf3+ Kh4 69. Rf1 h2 70. Kf3 Rg1 0-1

[Event "*** Titled Tuesday 3|2 Blitz (Early)"]
[Site "Chess.com"]
[Date "2016.11.01"]
[Round "4"]
[White "michaelk123"]
[Black "visa"]
[Result "1/2-1/2"]
[WhiteElo "2165"]
[BlackElo "2123"]
[TimeControl "180+2"]
[EndTime "11:52:42 PDT"]
[Termination "Game drawn - insufficient material"]

1. e4 d6 2. d4 Nf6 3. Nc3 Nbd7 4. Nf3 e5 5. Bc4 Be7 6. O-O c6 7. a4 Qc7 8. Re1 a5 9. h3 h6 10. Be3 Nf8 11. Nh4 g6 12. Qd2 N6h7 13. Nf3 g5 14.
dxe5 dxe5 15. Rad1 Ng6 16. Nh2 Nf6 17. Qe2 Rg8 18. Ng4 Nf4 19. Bxf4 Bxg4 20. Bxe5 Bxe2 21. Bxc7 Bxd1 22. Rxd1 Bb4 23. e5 Bxc3 24. bxc3 Ne4 25. Bb6 Nxc3 26. Rd3 Nxa4 27. Bc7 b5 28. Bb3 Nc5 29.
Rd6 Nxb3 30. cxb3 a4 31. bxa4 bxa4 32. e6 fxe6 33. Rxc6 a3 34. Be5 Rf8 35. Rxe6+ Kd7 36. Rxh6 a2 37. Rd6+ Ke7 38. Rd1 Rfc8 39. Kh2 Ke6 40. Ba1 Rc2 41. Kg3 Ra3+ 42. f3 Rb3 43.
Re1+ Kf7 44. Re4 Rb1 45. Be5 Rcb2 46. Bxb2 Rxb2 47. Ra4 Ke6 48. Ra5 Kd6 49. h4 gxh4+ 50. Kxh4 Rxg2 51. Kh3 Rb2 52. Kg4 Ke6 53. Kf4 Kd6 54. Kg4 Kc6 55. f4 Kb6 56. Ra3 Kb5 57.
Kf5 Kb4 58. Ra8 Kb3 59. Ke6 Re2+ 60. Kd6 Re4 61. Rxa2 Kxa2 62. f5 Kb3 63. f6 Kc4 64. f7 Rf4 65. Ke7 Re4+ 66. Kd6 Rf4 67. Ke7 Re4+ 68.
Kd6 Rf4 69. Ke7 Kd5 70. f8=Q Rxf8 71. Kxf8 1/2-1/2

[Event "*** Titled Tuesday 3|2 Blitz (Early)"]
[Site "Chess.com"]
[Date "2016.11.01"]
[Round "4"]
[White "Jahonas"]
[Black "filali-oujda"]
[Result "1/2-1/2"]
[WhiteElo "2168"]
[BlackElo "2262"]
[TimeControl "180+2"]
[EndTime "11:52:43 PDT"]
[Termination "Game drawn by repetition"]

1. d4 c6 2. Nf3 d5 3. c4 Nf6 4.
Nc3 e6 5. cxd5 exd5 6. Bg5 Bb4 7. e3 O-O 8. Nd2 Bf5 9. Be2 Nbd7 10. O-O h6 11.
Bh4 Re8 12. Rc1 a6 13. a3 Bd6 14. Bg3 Bxg3 15. hxg3 Rc8 16. b4 a5 17. Na4 Qe7 18.
Nc5 axb4 19. axb4 b6 20. Nxd7 Bxd7 21. Qb3 c5 22. bxc5 bxc5 23. dxc5 Rxc5 24. Rxc5 Qxc5 25. Qb2 Rc8 26. Nf3 Ne4 27. Qd4 Qxd4 28. Nxd4 Rb8 29. Bf3 Rb2 30. Bxe4 dxe4 31. Ra1 Bg4 32. Ra8+ Kh7 33.
Re8 Rb1+ 34. Kh2 Rf1 35. Rxe4 f5 36. Re7 Rxf2 37. Kg1 Ra2 38. Ne6 Ra3 39. Nxg7 Kg6 40. Ne8 Ra2 41. e4 fxe4 42. Rxe4 Bf5 43. Rf4 h5 44.
Nd6 Bg4 45. Ne4 Ra1+ 46. Kh2 Ra6 47. Nf2 Be2 48. Re4 Ra2 49. Nh3 Bf3 50. Nf4+ Kf7 51. Re5 Kf6 52. Rc5 Bg4 53. Nxh5+ Bxh5 54. Rxh5 Kg6 55. Rb5 Ra8 56. g4 Ra3 57. g3 Ra2+ 58. Kh3 Ra1 59. g5 Ra6 60. Kh4 Rd6 61. g4 Ra6 62. Rf5 Ra1 63. Rf6+ Kg7 64. Rf3 Rh1+ 65. Rh3 Ra1 66. Kh5 Ra2 67. g6 Ra5+ 68. g5 Ra4 69. Rb3 Ra1 70. Rb7+ Kg8 71. Rb4 Kg7 72. Rb7+ Kg8 73. g7 Ra6 74. Rc7 Rb6 75. Rc2 Kxg7 76.
Rc7+ Kg8 77. g6 Rb1 78. Kh6 Rh1+ 79. Kg5 Rg1+ 80. Kf6 Rf1+ 81. Kg5 Rg1+ 82. Kh6 Rh1+ 83. Kg5 Rg1+ 84. Kf6 Rf1+ 85. Kg5 Rg1+ 86. Kh6 Rh1+ 1/2-1/2

[Event "*** Titled Tuesday 3|2 Blitz (Early)"]
[Site "Chess.com"]
[Date "2016.11.01"]
[Round "4"]
[White "AkshatChandra"]
[Black "ulises2013"]
[Result "1-0"]
[WhiteElo "2580"]
[BlackElo "2274"]
[TimeControl "180+2"]
[EndTime "11:52:51 PDT"]
[Termination "AkshatChandra won by resignation"]

1. b4 c6 2. e3 Qb6 3. a3 a5 4. b5 cxb5 5. Nc3 b4 6. axb4 Qxb4 7.
Ba3 Qb6 8. Rb1 Qd8 9. Nd5 Nc6 10. d4 Nf6 11. Nxf6+ exf6 12. Bxf8 Kxf8 13. h4 h5 14. Ne2 g6 15. Nf4 Kg7 16. g4 hxg4 17. Qxg4 d5 18. Qg2 Bf5 19. Rxb7 a4 20. Bd3 Qc8 21. Nxg6 Qxb7 22.
Nxh8+ Kxh8 23. Rg1 Bg6 24. Bxg6 Rg8 25. Qf3 Rxg6 26. Rxg6 fxg6 27. Qxf6+ Kh7 28. h5 gxh5 29. Qf5+ Kg7 30. Qg5+ Kf8 31. Qxd5 Qb1+ 32. Ke2 Qxc2+ 33. Kf1 Qd1+ 34. Kg2 Qg4+ 35. Kf1 Qd1+ 36. Kg2 Qg4+ 37. Kf1 Ne7 38. Qa8+ Kf7 39. Qxa4 h4 40. Qc4+ Kg7 41. Qc7 Qg5 42. f4 Qf6 43. d5 Qa1+ 44. Kf2 Qb2+ 45. Kf3 Kf6 46. Qd6+ Kf7 47. Qe6+ Kf8 48. d6 Qb7+ 49.
Kf2 Qb2+ 50. Kf3 Qb7+ 51. e4 Nc6 52. Kg4 Qg7+ 53. Kxh4 Qh7+ 54. Kg3 Qg7+ 55. Kf2 Qb2+ 56. Kg3 Qg7+ 57. Kh4 Qh7+ 58. Kg5 Qg7+ 59. Qg6 Qa1 60. Qf6+ Qxf6+ 61. Kxf6 Ke8 62. e5 Nd4 63. e6 Nc6 64. f5 Kd8 65. Kg7 Nd4 66. e7+ Kd7 67. Kf7 Nxf5 68.
e8=Q+ 1-0

[Event "*** Titled Tuesday 3|2 Blitz (Early)"]
[Site "Chess.com"]
[Date "2016.11.01"]
[Round "4"]
[White "FairChess_on_YouTube"]
[Black "Sanan_Sjugirov"]
[Result "1-0"]
[WhiteElo "2734"]
[BlackElo "2691"]
[TimeControl "180+2"]
[EndTime "11:53:43 PDT"]
[Termination "FairChess_on_YouTube won by resignation"]

1. d4 Nf6 2. Bg5 c5 3. d5 Ne4 4. Bc1 e6 5. Nf3 d6 6. e3 Be7 7.
c4 O-O 8. Bd3 Nf6 9. Nc3 e5 10. h3 Nbd7 11. O-O Re8 12. a3 Bf8 13. e4 g6 14. b4 Nh5 15. Re1 a5 16. bxc5 Nxc5 17.
Rb1 Nf4 18. Bf1 b6 19. Na4 Nxa4 20. Qxa4 Bd7 21. Qd1 Qc7 22. Be3 Rab8 23. Qd2 Nh5 24. Rb2 Rb7 25. Reb1 Reb8 26. g3 Be7 27. Ne1 Be8 28.
Nd3 Nf6 29. f3 Nd7 30. g4 Nc5 31. Nxc5 dxc5 32. Bd3 Bd6 33. Qd1 f6 34. Bc2 Qd7 35. Bd3 Qf7 36. Kg2 Qe7 37. Bd2 Qc7 38. Qe2 Qf7 39.
Bc2 Qd7 40. a4 Qf7 41. h4 Qd7 42. Rf1 Qe7 43. Rf2 Bd7 44. Rb1 Rf8 45. Rg1 Kh8 46. Kf1 Qe8 47. Qd1 Bc8 48. Ke1 Rbf7 49. Rfg2 Bd7 50. Bh6 Rg8 51. Be3 Rgf8 52. Kd2 Rg8 53. Kc3 Qe7 54. Kb2 Qe8 55. Ka3 Qe7 56. Bd3 Qe8 57. Bd2 Qd8 58. Bc3 Re8 59. Qd2 Kg8 60. Be2 Qe7 61. Rh2 Ref8 62. Rgh1 Qe8 63. g5 Rg7 64. h5 gxh5 65. Rxh5 f5 66. g6 Qxg6 67. Rh6 Qg2 68. Rxd6 Qxh1 69. Bxe5 Rg1 70. Rxd7 Ra1+ 71. Bxa1 Qxa1+ 72. Kb3 Qb1+ 73. Qb2 Qg1 74. e5 b5 75. cxb5 c4+ 76. Bxc4 Rc8 77. d6+ 1-0

[Event "*** Titled Tuesday 3|2 Blitz (Early)"]
[Site "Chess.com"]
[Date "2016.11.01"]
[Round "4"]
[White "swayamsm"]
[Black "Paralinch"]
[Result "1/2-1/2"]
[WhiteElo "2624"]
[BlackElo "2653"]
[TimeControl "180+2"]
[EndTime "11:55:02 PDT"]
[Termination "Game drawn by repetition"]

1. d4 d5 2. c4 c6 3. Nf3 Nf6 4. Nc3 a6 5. a4 e6 6. e3 c5 7. Be2 Nc6 8. O-O dxc4 9. Bxc4 Be7 10.
Qe2 cxd4 11. Rd1 O-O 12. exd4 Nd5 13. Ne5 Nxc3 14. bxc3 Nxe5 15. dxe5 Qc7 16. Rd4 Rd8 17. Rg4 g6 18. Bh6 b6 19. h4 Bb7 20. h5 Qc6 21. Rb1 Bf8 22. Qe3 Qc5 23. Bxf8 Qxe3 24. fxe3 Rxf8 25.
Rxb6 Bc8 26. hxg6 hxg6 27. Kf2 Ra7 28. Rd4 Rc7 29. Bxa6 Bxa6 30. Rxa6 Rxc3 31. Kf3 Rb8 32. Ra7 Rbb3 33. Re4 Ra3 34. a5 Kg7 35. Kf2 g5 36.
Kf3 Rc5 37. a6 Rca5 38. Kg4 Rxa6 39. Rxa6 Rxa6 40. Kxg5 Ra3 41. Rg4 Ra1 42. Kf4+ Kf8 43. Kf3 Rf1+ 44. Ke2 Ra1 45. Kf2 Ra2+ 46. Kf3 Ra1 47.
Rf4 Ra5 48. Re4 Kg7 49. Rg4+ Kf8 50. Rg5 Ra1 51. Kf4 Rf1+ 52. Ke4 Ra1 53. Rh5 Kg7 54.
Rg5+ Kf8 55. Rg3 Ra4+ 56. Kf3 Ra5 57. Kf4 Ra4+ 58. Kg5 Ke7 59. Rg4 Ra2 60. Kf4 Rf2+ 61. Kg3 Rf5 62. Re4 Rf1 63. Rf4 Ra1 64. Kf3 Ra5 65. Re4 Ra1 66. Rb4 Kf8 67. Kf4 Rf1+ 68. Ke4 Rg1 69. Kf3 Rf1+ 70. Ke2 Ra1 71. g4 Kg7 72.
Kf3 Rf1+ 73. Kg3 Re1 74. Kf4 Ra1 75. Rd4 Ra5 76. Rd7 Rb5 77. Rd1 Kg6 78. Rd8 Rb4+ 79.
Kf3 Kg7 80. Rd4 Rb5 81. Kf4 Rb1 82. Kf3 Rf1+ 83. Kg2 Re1 84. Kf2 Ra1 85. Kf3 Kg6 86.
Rf4 Ra5 87. Rf6+ Kg7 88. Kf4 Ra4+ 89. Kf3 Ra5 90. Kf4 Ra4+ 91. e4 Ra1 92. g5 Rf1+ 93.
Ke3 Rg1 94. Kf4 Rg2 95. Rh6 Rf2+ 96. Kg3 Rf1 97. Rf6 Rg1+ 98. Kf4 Rg2 99. Rh6 Rf2+ 100. Kg4 Rg2+ 101. Kf4 Rf2+ 102. Kg3 Rf1 103. Rf6 Rg1+ 104. Kf4 1/2-1/2

[Event "*** Titled Tuesday 3|2 Blitz (Early)"]
[Site "Chess.com"]
[Date "2016.11.01"]
[Round "4"]
[White "GMKrikor"]
[Black "Tash_Boy"]
[Result "0-1"]
[WhiteElo "2570"]
[BlackElo "2476"]
[TimeControl "180+2"]
[EndTime "11:55:42 PDT"]
[Termination "Tash_Boy won by resignation"]

1. e4 c5 2. Nf3 d6 3. d4 cxd4 4.
Nxd4 Nf6 5. Nc3 e6 6. g4 e5 7.
Bb5+ Bd7 8. Bxd7+ Qxd7 9. Nf5 h5 10. Bg5 Nh7 11. f4 hxg4 12. Qxg4 g6 13. Ne3 Qxg4 14. Nxg4 Nc6 15. Nd5 Nxg5 16. fxg5 O-O-O 17. h4 Nd4 18.
O-O-O Ne2+ 19. Kd2 Ng3 20. Rh3 Nxe4+ 21. Ke3 Nxg5 22. Rhh1 Ne6 23. Ngf6 Bh6+ 24. Ke4 Kb8 25. Rdf1 Rc8 26. c3 Nc5+ 27. Kf3 Bg7 28. Kg4 Ka8 29.
Rf3 Rh6 30. b4 Ne6 31. Kg3 Rch8 32. Ng4 f5 33. Nxh6 Bxh6 34. Rd1 e4 35. Rff1 Bg7 36. Ne7 Be5+ 37. Kg2 Rxh4 38. Rh1 Rg4+ 39. Kf1 f4 40. Rh6 e3 41. Rxg6 Rxg6 42. Nxg6 f3 43. Rb1 Bxc3 44.
Nh4 e2+ 45. Kf2 Nd4 46. Rh1 a6 47. a3 Ka7 48. Rb1 Kb6 49. Ng6 Nc2 50. Ne7 e1=Q+ 51. Rxe1 Bxe1+ 52. Kxf3 Kb5 53. Ke2 Bh4 54. Nd5 Nxa3 55.
Kd3 Kc6 56. Nf4 Nb5 57. Kc4 d5+ 58. Nxd5 Nd6+ 59. Kd4 Bf2+ 60. Ke5 Bg3+ 61. Kd4 Nb5+ 62. Kc4 Nc7 63. Ne7+ Kd7 64. Nf5 Bh2 65. Ne3 Kc6 66. Nf5 b5+ 67. Kd3 Bg1 68. Ng3 Kd5 69. Ne2 Bh2 70.
Nc3+ Ke5 71. Ne4 Ne6 72. Nd2 Bf4 73. Nf3+ Kd5 74. Kc3 Bd6 75. Ne1 Ng5 76. Nd3 Ne4+ 77. Kb3 Kd4 78. Ne1 Nd2+ 79. Ka3 Kc3 80. Ka2 Bxb4 81.
Ng2 Bc5 82. Nf4 b4 83. Nd5+ Kc2 84. Ka1 Bd4+ 85. Ka2 b3+ 86. Ka3 Bc5+ 87. Ka4 b2 0-1